Pick #1

Connor Bedard
Pick #2

Leo Carlsson
Pick #3

Adam Fantilli
Pick #4

Matvei Michkov
Pick #5

David Reinbacher
Pick #6

William Smith
Pick #7

Zachary Benson
Pick #8

Ryan Leonard
Pick #9

Gabriel Perreault
Pick #10

Axel Sandin-Pellika
Pick #11

Daniil But
Pick #12

Dalibor Dvorsky
Pick #13

Quentin Musty
Pick #14

Brayden Yager
Pick #15

Dmitry Simashev
Pick #16

Colby Barlow
Pick #17

Andrew Cristall
Pick #18

Easton Cowan
Pick #19

Jacob Fowler
Pick #20

Oliver Moore
Pick #21

Oliver Bonk
Pick #22

Tom Willander
Pick #23

Calum Ritchie
Pick #24

Tanner Molendyk
Pick #25

Gavin Brindley
Pick #26

Nate Danielson
Pick #27

Pick #28

Pick #29

Pick #30

Pick #31

Pick #32

Pick #33

Pick #34

Pick #35

Pick #36

Pick #37

Pick #38

Pick #39

Pick #40

Pick #41

Pick #42

Pick #43

Pick #44

Pick #45

Pick #46

Pick #47

Pick #48

Pick #49

Pick #50

Pick #51

Pick #52

Pick #53

Pick #54

Pick #55

Pick #56

Pick #57

Pick #58

Pick #59

Pick #60

Pick #61

Pick #62

Pick #63

Pick #64

Pick #65

Pick #66

Pick #67

Pick #68

Pick #69

Pick #70

Pick #71

Pick #72

Pick #73

Pick #74

Pick #75

Pick #76

Pick #77

Pick #78

Pick #79

Pick #80

Pick #81

Pick #82

Pick #83

Pick #84

Pick #85

Pick #86

Pick #87

Pick #88

Pick #89

Pick #90

Pick #91

Pick #92

Pick #93

Pick #94

Pick #95

Pick #96

Pick #97

Pick #98

Pick #99

Pick #100

Pick #101

Pick #102

Pick #103

Pick #104

Pick #105

Pick #106

Pick #107

Pick #108

Pick #109

Pick #110

Pick #111

Pick #112

Pick #113

Pick #114

Pick #115

Pick #116

Pick #117

Pick #118

Pick #119

Pick #120

Pick #121

Pick #122

Pick #123

Pick #124

Pick #125

Pick #126

Pick #127

Pick #128

Pick #129

Pick #130

Full Scoreboard »»

Ducks vs Oilers

Created - March 8, 2024 at 09:24

Goals
1 2 3 T
Ducks 4 0 0 4
Oilers 2 0 0 2
Shots
1 2 3 T
Ducks 11 9 6 26
Oilers 14 3 16 33

GoalsPenalties
1st period
1. Ducks , Zach Hyman 20 (Phillip Danault 32, Adrian Kempe 22) at 1:10
2. Ducks , Nikolaj Ehlers 9 (Michael Amadio 1) at 1:39
3. Ducks , Adrian Kempe 21 (Phillip Danault 33, Moritz Seider 34) at 3:00
4. Oilers , Kasperi Kapanen 8 (Casey Cizikas 5, Scott Mayfield 11) at 6:49
5. Ducks , Adrian Kempe 22 (Phillip Danault 34) at 7:21
6. Oilers , Alexander Barabanov 16 (Paul Stastny 12) at 18:09
Casey Cizikas (EDM) for Interference (Minor) at 3:57
Brayden McNabb (ANA) for High sticking (Minor) at 9:22
2nd period
No Goal
Vladislav Gavrikov (EDM) for Unsportsmanlike conduct (Minor) at 2:29
Casey Cizikas (EDM) for Slashing (Minor) at 6:34
3rd period
No Goal
Pierre-Luc Dubois (ANA) for Boarding (Major) at 18:33
Goalie Stats
Frederik Andersen (ANA), 31 saves from 33 shots - (0.939), W, 39-22-5, 60:00 minutes
Philipp Grubauer (EDM), 22 saves from 26 shots - (0.846), L, 16-11-1, 60:00 minutes
3 StarsOfficial
1 - Adrian Kempe (ANA)
2 - Phillip Danault (ANA)
3 - Zach Hyman (ANA)
Referees : Kendrick Nicholson and Marc Joannette
Linesman : Derek Amell and Luke Murray
Game Note
No Game Note
Finance
Level 1 -- Attendance: 6209 (95.52%) -- Ticket Income $757,498
Level 2 -- Attendance: 3712 (74.24%) -- Ticket Income $348,928
Level 3 -- Attendance: 2356 (67.31%) -- Ticket Income $176,700
Level 4 -- Attendance: 839 (100.00%) -- Ticket Income $61,247
Luxury Box -- Attendance: 899 (89.90%) -- Ticket Income $208,568
Game was played at the Rexall Place.
Total Attendance: 14015 (83.23%)
Total Ticket Income: $1,552,941
Other Income: $388,235
Total Income: $1,941,176



Team Name Goals Shots Shots Attemp Shots Blocked PIM HIT PP PK FO%
Ducks 4265997310 / 3 (0%)043%
Oilers 23361116260 / 2 (0%)057%

Ducks
Player Name POS G A P +/- PIM HIT SHT SB MP PP MP PP SHT PK MP PK SHT FO% FOT
Adam FoxD0002000125:023:2301:4600% 0
Adrian KempeRW2133076020:033:3010:3400% 2
Brayden McNabbD000-1240114:180:0000:0000% 0
Claude GirouxRW000-1000019:520:0000:00050% 2
Jason RobertsonLW000-1003022:532:2710:3400% 2
Joe PavelskiC000000000:000:0000:0000% 0
Mats ZuccarelloRW0000002014:470:0000:00046% 13
Michael AmadioRW011100109:432:2712:51036% 11
Moritz SeiderD0111041320:392:3401:3900% 0
Nikolaj EhlersLW101102204:250:0000:0000% 0
Patrick KaneRW000-1012015:402:2702:51036% 14
Phillip DanaultC0333012019:293:3000:00044% 16
Pierre-Luc DuboisLW000-1523010:210:0000:0000% 0
Rasmus DahlinD0002020125:023:2301:4600% 0
Ryan McDonaghD000-1000014:190:0000:0000% 0
Tyson BarrieD0001002220:392:3411:3900% 0
Zach HymanLW1013022019:293:3010:0000% 0
Zack MacEwenC000-1060119:520:0000:00052% 29
Oilers
Player Name POS G A P +/- PIM HIT SHT SB MP PP MP PP SHT PK MP PK SHT FO% FOT
Alexander BarabanovLW1011023014:411:2610:0000% 0
Brandon HagelLW0000004017:511:5913:20033% 3
Brock BoeserRW0000011014:311:5900:000100% 1
Casey CizikasC011-2421012:360:0000:00052% 23
Cole PerfettiC000-1000013:391:2600:00080% 5
Dylan StromeC000-1022016:491:5902:37056% 18
Jakob SilfverbergRW000-2006115:580:0003:200100% 1
Jamie DrysdaleD000-3004221:031:5010:4900% 0
Josh BaileyRW0001021114:501:3510:0000% 0
Kasperi KapanenRW101-2022012:380:0000:0000% 1
Ondrej PalatLW000-1020013:391:2600:0000% 0
Paul StastnyC0111001013:150:0000:00038% 16
Robin SaloD0001001015:350:0000:3400% 0
Ryan JohansenC0000024016:591:5022:37076% 21
Ryan PulockD0000023222:051:3533:1700% 0
Scott MayfieldD0111020117:210:0002:2000% 0
Troy StecherD000-3040221:040:0002:4000% 0
Vladislav GavrikovD0000230219:260:0002:1400% 0



Play-by-Play

1st period


0:01 of 1st period - Ryan Johansen wins face-off versus Zack MacEwen in neutral zone.
0:06 of 1st period - Shot by Brock Boeser.
0:06 of 1st period - Stopped by Frederik Andersen with a rebound.
1:10 of 1st period - Shot by Zach Hyman.
1:10 of 1st period - Goal by Zach Hyman - Ducks : 1 - Oilers : 0.
1:11 of 1st period - Mats Zuccarello wins face-off versus Paul Stastny in neutral zone.
1:31 of 1st period - Icing by Paul Stastny.
1:32 of 1st period - Phillip Danault wins face-off versus Paul Stastny in Oilers zone.
1:35 of 1st period - Shot by Adrian Kempe.
1:35 of 1st period - Stopped by Philipp Grubauer without a rebound.
1:36 of 1st period - Michael Amadio wins face-off versus Kasperi Kapanen in Oilers zone.
1:39 of 1st period - Shot by Nikolaj Ehlers.
1:39 of 1st period - Goal by Nikolaj Ehlers - Ducks : 2 - Oilers : 0.
1:40 of 1st period - Michael Amadio wins face-off versus Casey Cizikas in neutral zone.
1:50 of 1st period - Icing by Rasmus Dahlin.
1:51 of 1st period - Michael Amadio wins face-off versus Dylan Strome in Ducks zone.
1:51 of 1st period - Michael Amadio is hit by Dylan Strome.
2:06 of 1st period - Dylan Strome is hit by Nikolaj Ehlers and loses puck.
2:31 of 1st period - Shot by Dylan Strome.
2:31 of 1st period - Shot Misses the Net.
2:53 of 1st period - Jakob Silfverberg is hit by Zach Hyman and loses puck.
3:00 of 1st period - Shot by Adrian Kempe.
3:00 of 1st period - Goal by Adrian Kempe - Ducks : 3 - Oilers : 0.
3:01 of 1st period - Zack MacEwen wins face-off versus Paul Stastny in neutral zone.
3:25 of 1st period - Jason Robertson is hit by Ryan Pulock.
3:42 of 1st period - Josh Bailey is hit by Brayden McNabb and loses puck.
3:57 of 1st period - Minor Penalty to Casey Cizikas for Interference.
3:58 of 1st period - Phillip Danault wins face-off versus Brandon Hagel in Oilers zone.
4:05 of 1st period - Shot by Adam Fox.
4:05 of 1st period - Deflect By Zach Hyman.
4:05 of 1st period - Stopped by Philipp Grubauer with a rebound.
4:07 of 1st period - Shot by Phillip Danault.
4:07 of 1st period - Shot Misses the Net.
4:11 of 1st period - Shot by Rasmus Dahlin.
4:11 of 1st period - Deflect By Adrian Kempe.
4:11 of 1st period - Stopped by Philipp Grubauer without a rebound.
4:12 of 1st period - Ryan Johansen wins face-off versus Phillip Danault in Oilers zone.
4:35 of 1st period - Jakob Silfverberg is hit by Adrian Kempe and loses puck.
4:43 of 1st period - Adrian Kempe is hit by Vladislav Gavrikov and loses puck.
5:21 of 1st period - Shot by Rasmus Dahlin.
5:21 of 1st period - Shot Misses the Net.
5:23 of 1st period - Shot by Jason Robertson.
5:23 of 1st period - Shot Misses the Net.
5:25 of 1st period - Shot by Patrick Kane.
5:25 of 1st period - Deflect By Jason Robertson.
5:25 of 1st period - Stopped by Philipp Grubauer without a rebound.
5:26 of 1st period - Patrick Kane wins face-off versus Ryan Johansen in Oilers zone.
5:26 of 1st period - Patrick Kane is hit by Scott Mayfield.
5:47 of 1st period - Shot by Patrick Kane.
5:47 of 1st period - Deflect By Michael Amadio.
5:47 of 1st period - Stopped by Philipp Grubauer without a rebound.
5:48 of 1st period - Phillip Danault wins face-off versus Brandon Hagel in Oilers zone.
5:52 of 1st period - Adrian Kempe is hit by Ryan Pulock and loses puck.
6:49 of 1st period - Shot by Kasperi Kapanen.
6:49 of 1st period - Goal by Kasperi Kapanen - Ducks : 3 - Oilers : 1.
6:50 of 1st period - Casey Cizikas wins face-off versus Adrian Kempe in neutral zone.
7:16 of 1st period - Casey Cizikas is hit by Adrian Kempe and loses puck.
7:21 of 1st period - Shot by Adrian Kempe.
7:21 of 1st period - Goal by Adrian Kempe - Ducks : 4 - Oilers : 1.
7:22 of 1st period - Ryan Johansen wins face-off versus Zack MacEwen in neutral zone.
7:27 of 1st period - Shot by Brock Boeser.
7:27 of 1st period - Deflect By Brandon Hagel.
7:27 of 1st period - Stopped by Frederik Andersen without a rebound.
7:28 of 1st period - Zack MacEwen wins face-off versus Dylan Strome in Ducks zone.
7:37 of 1st period - Ryan Pulock is hit by Zack MacEwen.
7:55 of 1st period - Tyson Barrie is hit by Ondrej Palat and loses puck.
8:44 of 1st period - Shot by Adrian Kempe.
8:44 of 1st period - Stopped by Philipp Grubauer with a rebound.
9:01 of 1st period - Off-side.
9:02 of 1st period - Mats Zuccarello wins face-off versus Casey Cizikas in neutral zone.
9:14 of 1st period - Jakob Silfverberg is hit by Brayden McNabb and loses puck.
9:22 of 1st period - Minor Penalty to Brayden McNabb for High sticking.
9:23 of 1st period - Dylan Strome wins face-off versus Patrick Kane in Ducks zone.
9:34 of 1st period - Shot by Brandon Hagel.
9:34 of 1st period - Stopped by Frederik Andersen without a rebound.
9:35 of 1st period - Cole Perfetti wins face-off versus Patrick Kane in Ducks zone.
9:36 of 1st period - Shot by Jamie Drysdale.
9:36 of 1st period - Shot Misses the Net.
9:38 of 1st period - Shot by Jamie Drysdale.
9:38 of 1st period - Stopped by Frederik Andersen without a rebound.
9:39 of 1st period - Cole Perfetti wins face-off versus Patrick Kane in Ducks zone.
9:58 of 1st period - Shot by Alexander Barabanov.
9:58 of 1st period - Stopped by Frederik Andersen without a rebound.
9:59 of 1st period - Patrick Kane wins face-off versus Dylan Strome in Ducks zone.
10:40 of 1st period - Shot by Ryan Pulock.
10:40 of 1st period - Stopped by Frederik Andersen with a rebound.
10:42 of 1st period - Shot by Brock Boeser.
10:42 of 1st period - Shot Blocked by Moritz Seider.
10:44 of 1st period - Shot by Josh Bailey.
10:44 of 1st period - Stopped by Frederik Andersen without a rebound.
10:45 of 1st period - Cole Perfetti wins face-off versus Jason Robertson in Ducks zone.
11:11 of 1st period - Shot by Ryan Johansen.
11:11 of 1st period - Shot Blocked by Moritz Seider.
11:13 of 1st period - Shot by Cole Perfetti.
11:13 of 1st period - Shot Blocked by Tyson Barrie.
11:15 of 1st period - Shot by Ryan Johansen.
11:15 of 1st period - Stopped by Frederik Andersen without a rebound.
11:16 of 1st period - Dylan Strome wins face-off versus Patrick Kane in Ducks zone.
11:17 of 1st period - Shot by Ryan Pulock.
11:17 of 1st period - Stopped by Frederik Andersen without a rebound.
11:18 of 1st period - Dylan Strome wins face-off versus Patrick Kane in Ducks zone.
11:29 of 1st period - Icing by Tyson Barrie.
11:30 of 1st period - Zack MacEwen wins face-off versus Ryan Johansen in Ducks zone.
11:30 of 1st period - Moritz Seider is hit by Brock Boeser and loses puck.
11:48 of 1st period - Icing by Moritz Seider.
11:49 of 1st period - Casey Cizikas wins face-off versus Zack MacEwen in Ducks zone.
13:07 of 1st period - Shot by Brock Boeser.
13:07 of 1st period - Shot Misses the Net.
13:11 of 1st period - Shot by Brandon Hagel.
13:11 of 1st period - Stopped by Frederik Andersen without a rebound.
13:12 of 1st period - Mats Zuccarello wins face-off versus Paul Stastny in Ducks zone.
14:24 of 1st period - Icing by Ryan Pulock.
14:25 of 1st period - Phillip Danault wins face-off versus Dylan Strome in Oilers zone.
14:49 of 1st period - Shot by Zach Hyman.
14:49 of 1st period - Shot Blocked by Vladislav Gavrikov.
15:22 of 1st period - Icing by Jamie Drysdale.
15:23 of 1st period - Ryan Johansen wins face-off versus Zack MacEwen in Oilers zone.
15:29 of 1st period - Brock Boeser is hit by Moritz Seider and loses puck.
15:35 of 1st period - Jason Robertson is hit by Ryan Johansen and loses puck.
15:56 of 1st period - Shot by Jason Robertson.
15:56 of 1st period - Stopped by Philipp Grubauer without a rebound.
15:57 of 1st period - Patrick Kane wins face-off versus Casey Cizikas in Oilers zone.
16:16 of 1st period - Brayden McNabb is hit by Casey Cizikas and loses puck.
17:11 of 1st period - Shot by Paul Stastny.
17:11 of 1st period - Stopped by Frederik Andersen without a rebound.
17:12 of 1st period - Zack MacEwen wins face-off versus Dylan Strome in Ducks zone.
17:12 of 1st period - Zack MacEwen is hit by Dylan Strome.
17:34 of 1st period - Shot by Ondrej Palat.
17:34 of 1st period - Shot Misses the Net.
18:05 of 1st period - Icing by Jason Robertson.
18:06 of 1st period - Paul Stastny wins face-off versus Jason Robertson in Ducks zone.
18:09 of 1st period - Shot by Alexander Barabanov.
18:09 of 1st period - Goal by Alexander Barabanov - Ducks : 4 - Oilers : 2.
18:10 of 1st period - Ryan Johansen wins face-off versus Phillip Danault in neutral zone.
18:10 of 1st period - Ryan Johansen is hit by Adrian Kempe.
18:40 of 1st period - Brandon Hagel is hit by Rasmus Dahlin and loses puck.
18:58 of 1st period - Brandon Hagel is hit by Adrian Kempe and loses puck.
19:19 of 1st period - Shot by Jamie Drysdale.
19:19 of 1st period - Stopped by Frederik Andersen without a rebound.
19:20 of 1st period - Zack MacEwen wins face-off versus Paul Stastny in Ducks zone.
19:35 of 1st period - Shot by Claude Giroux.
19:35 of 1st period - Shot Misses the Net.
19:53 of 1st period - Shot by Claude Giroux.
19:53 of 1st period - Shot Misses the Net.
19:55 of 1st period - Shot by Moritz Seider.
19:55 of 1st period - Shot Blocked by Troy Stecher.
Goals for this period are 4 for Ducks vs 2 for Oilers.
Shots for this period are 11 for Ducks vs 14 for Oilers.

2nd period


0:01 of 2nd period - Zack MacEwen wins face-off versus Casey Cizikas in neutral zone.
0:56 of 2nd period - Adam Fox is hit by Ondrej Palat.
1:34 of 2nd period - Shot by Ondrej Palat.
1:34 of 2nd period - Shot Misses the Net.
1:46 of 2nd period - Shot by Phillip Danault.
1:46 of 2nd period - Shot Blocked by Jamie Drysdale.
2:10 of 2nd period - Shot by Pierre-Luc Dubois.
2:10 of 2nd period - Stopped by Philipp Grubauer without a rebound.
2:11 of 2nd period - Michael Amadio wins face-off versus Paul Stastny in Oilers zone.
2:14 of 2nd period - Shot by Mats Zuccarello.
2:14 of 2nd period - Deflect By Nikolaj Ehlers.
2:14 of 2nd period - Stopped by Philipp Grubauer without a rebound.
2:15 of 2nd period - Paul Stastny wins face-off versus Michael Amadio in Oilers zone.
2:15 of 2nd period - Paul Stastny is hit by Nikolaj Ehlers.
2:21 of 2nd period - Rasmus Dahlin is hit by Alexander Barabanov and loses puck.
2:29 of 2nd period - Minor Penalty to Vladislav Gavrikov for Unsportsmanlike conduct.
2:30 of 2nd period - Brandon Hagel wins face-off versus Patrick Kane in Oilers zone.
3:13 of 2nd period - Shot by Tyson Barrie.
3:13 of 2nd period - Shot Misses the Net.
3:35 of 2nd period - Brandon Hagel is hit by Phillip Danault and loses puck.
4:04 of 2nd period - Shot by Rasmus Dahlin.
4:04 of 2nd period - Shot Blocked by Ryan Pulock.
4:35 of 2nd period - Shot by Mats Zuccarello.
4:35 of 2nd period - Stopped by Philipp Grubauer without a rebound.
4:36 of 2nd period - Paul Stastny wins face-off versus Zack MacEwen in Oilers zone.
4:36 of 2nd period - Alexander Barabanov is hit by Zack MacEwen and loses puck.
5:21 of 2nd period - Icing by Robin Salo.
5:22 of 2nd period - Phillip Danault wins face-off versus Paul Stastny in Oilers zone.
6:01 of 2nd period - Shot by Zach Hyman.
6:01 of 2nd period - Shot Blocked by Scott Mayfield.
6:21 of 2nd period - Shot by Pierre-Luc Dubois.
6:21 of 2nd period - Shot Misses the Net.
6:23 of 2nd period - Shot by Patrick Kane.
6:23 of 2nd period - Stopped by Philipp Grubauer without a rebound.
6:24 of 2nd period - Casey Cizikas wins face-off versus Michael Amadio in Oilers zone.
6:33 of 2nd period - Shot by Vladislav Gavrikov.
6:33 of 2nd period - Shot Misses the Net.
6:34 of 2nd period - Minor Penalty to Casey Cizikas for Slashing.
6:35 of 2nd period - Ryan Johansen wins face-off versus Patrick Kane in Oilers zone.
7:02 of 2nd period - Shot by Moritz Seider.
7:02 of 2nd period - Shot Blocked by Vladislav Gavrikov.
7:04 of 2nd period - Shot by Tyson Barrie.
7:04 of 2nd period - Stopped by Philipp Grubauer without a rebound.
7:05 of 2nd period - Ryan Johansen wins face-off versus Phillip Danault in Oilers zone.
7:14 of 2nd period - Shot by Adam Fox.
7:14 of 2nd period - Shot Hit the Post.
7:41 of 2nd period - Icing by Adam Fox.
7:42 of 2nd period - Ryan Johansen wins face-off versus Phillip Danault in Ducks zone.
7:47 of 2nd period - Shot by Ryan Johansen.
7:47 of 2nd period - Shot Misses the Net.
8:38 of 2nd period - Troy Stecher is hit by Zack MacEwen and loses puck.
9:17 of 2nd period - Shot by Claude Giroux.
9:17 of 2nd period - Deflect By Jason Robertson.
9:17 of 2nd period - Shot Blocked by Josh Bailey.
9:44 of 2nd period - Josh Bailey is hit by Brayden McNabb.
9:54 of 2nd period - Icing by Josh Bailey.
9:55 of 2nd period - Paul Stastny wins face-off versus Michael Amadio in Oilers zone.
10:06 of 2nd period - Icing by Mats Zuccarello.
10:07 of 2nd period - Ryan Johansen wins face-off versus Michael Amadio in Ducks zone.
10:14 of 2nd period - Ryan Pulock is hit by Moritz Seider and loses puck.
10:46 of 2nd period - Nikolaj Ehlers is hit by Vladislav Gavrikov and loses puck.
10:54 of 2nd period - Icing by Ryan Pulock.
10:55 of 2nd period - Brock Boeser wins face-off versus Zack MacEwen in Oilers zone.
11:09 of 2nd period - Icing by Zack MacEwen.
11:10 of 2nd period - Jakob Silfverberg wins face-off versus Zack MacEwen in Ducks zone.
11:31 of 2nd period - Shot by Rasmus Dahlin.
11:31 of 2nd period - Shot Misses the Net.
11:33 of 2nd period - Shot by Adam Fox.
11:33 of 2nd period - Shot Blocked by Jakob Silfverberg.
12:11 of 2nd period - Icing by Casey Cizikas.
12:12 of 2nd period - Casey Cizikas wins face-off versus Mats Zuccarello in Oilers zone.
12:37 of 2nd period - Shot by Pierre-Luc Dubois.
12:37 of 2nd period - Shot Misses the Net.
12:39 of 2nd period - Shot by Moritz Seider.
12:39 of 2nd period - Shot Misses the Net.
12:41 of 2nd period - Shot by Mats Zuccarello.
12:41 of 2nd period - Shot Misses the Net.
12:43 of 2nd period - Shot by Pierre-Luc Dubois.
12:43 of 2nd period - Stopped by Philipp Grubauer without a rebound.
12:44 of 2nd period - Ryan Johansen wins face-off versus Phillip Danault in Oilers zone.
12:59 of 2nd period - Shot by Phillip Danault.
12:59 of 2nd period - Shot Hit the Post.
13:01 of 2nd period - Shot by Adrian Kempe.
13:01 of 2nd period - Shot Blocked by Jamie Drysdale.
13:03 of 2nd period - Shot by Ryan McDonagh.
13:03 of 2nd period - Shot Blocked by Troy Stecher.
13:05 of 2nd period - Shot by Zach Hyman.
13:05 of 2nd period - Shot Misses the Net.
13:21 of 2nd period - Shot by Phillip Danault.
13:21 of 2nd period - Shot Misses the Net.
13:42 of 2nd period - Brock Boeser is hit by Zack MacEwen and loses puck.
13:46 of 2nd period - Off-side.
13:47 of 2nd period - Mats Zuccarello wins face-off versus Dylan Strome in neutral zone.
14:22 of 2nd period - Shot by Pierre-Luc Dubois.
14:22 of 2nd period - Stopped by Philipp Grubauer with a rebound.
14:29 of 2nd period - Icing by Vladislav Gavrikov.
14:30 of 2nd period - Dylan Strome wins face-off versus Zack MacEwen in Oilers zone.
15:36 of 2nd period - Shot by Phillip Danault.
15:36 of 2nd period - Deflect By Zach Hyman.
15:36 of 2nd period - Shot Blocked by Ryan Pulock.
15:55 of 2nd period - Icing by Ryan Pulock.
15:56 of 2nd period - Dylan Strome wins face-off versus Mats Zuccarello in Oilers zone.
16:20 of 2nd period - Shot by Patrick Kane.
16:20 of 2nd period - Stopped by Philipp Grubauer without a rebound.
16:21 of 2nd period - Casey Cizikas wins face-off versus Zack MacEwen in Oilers zone.
16:28 of 2nd period - Claude Giroux is hit by Kasperi Kapanen and loses puck.
16:41 of 2nd period - Shot by Casey Cizikas.
16:41 of 2nd period - Stopped by Frederik Andersen without a rebound.
16:42 of 2nd period - Phillip Danault wins face-off versus Ryan Johansen in Ducks zone.
16:42 of 2nd period - Phillip Danault is hit by Ryan Johansen.
17:08 of 2nd period - Shot by Ryan Johansen.
17:08 of 2nd period - Stopped by Frederik Andersen with a rebound.
17:17 of 2nd period - Brock Boeser is hit by Moritz Seider and loses puck.
17:20 of 2nd period - Shot by Brandon Hagel.
17:20 of 2nd period - Shot Hit the Post.
17:22 of 2nd period - Shot by Brandon Hagel.
17:22 of 2nd period - Shot Blocked by Tyson Barrie.
17:24 of 2nd period - Shot by Robin Salo.
17:24 of 2nd period - Stopped by Frederik Andersen without a rebound.
17:25 of 2nd period - Casey Cizikas wins face-off versus Zack MacEwen in Ducks zone.
17:33 of 2nd period - Jakob Silfverberg is hit by Rasmus Dahlin and loses puck.
17:45 of 2nd period - Icing by Jason Robertson.
17:46 of 2nd period - Paul Stastny wins face-off versus Zack MacEwen in Ducks zone.
18:16 of 2nd period - Shot by Paul Stastny.
18:16 of 2nd period - Shot Blocked by Rasmus Dahlin.
18:18 of 2nd period - Shot by Josh Bailey.
18:18 of 2nd period - Shot Misses the Net.
18:20 of 2nd period - Shot by Josh Bailey.
18:20 of 2nd period - Deflect By Alexander Barabanov.
18:20 of 2nd period - Shot Misses the Net.
19:08 of 2nd period - Shot by Phillip Danault.
19:08 of 2nd period - Stopped by Philipp Grubauer without a rebound.
19:09 of 2nd period - Mats Zuccarello wins face-off versus Ryan Johansen in Oilers zone.
Goals for this period are 0 for Ducks vs 0 for Oilers.
Shots for this period are 9 for Ducks vs 3 for Oilers.

3rd period


0:01 of 3rd period - Zack MacEwen wins face-off versus Casey Cizikas in neutral zone.
0:06 of 3rd period - Shot by Kasperi Kapanen.
0:06 of 3rd period - Stopped by Frederik Andersen without a rebound.
0:07 of 3rd period - Zack MacEwen wins face-off versus Casey Cizikas in Ducks zone.
0:20 of 3rd period - Shot by Jakob Silfverberg.
0:20 of 3rd period - Stopped by Frederik Andersen without a rebound.
0:21 of 3rd period - Ryan Johansen wins face-off versus Phillip Danault in Ducks zone.
0:26 of 3rd period - Shot by Brandon Hagel.
0:26 of 3rd period - Stopped by Frederik Andersen without a rebound.
0:27 of 3rd period - Claude Giroux wins face-off versus Casey Cizikas in Ducks zone.
0:27 of 3rd period - Claude Giroux is hit by Casey Cizikas.
0:41 of 3rd period - Shot by Jason Robertson.
0:41 of 3rd period - Shot Misses the Net.
0:53 of 3rd period - Shot by Casey Cizikas.
0:53 of 3rd period - Shot Misses the Net.
0:55 of 3rd period - Shot by Jamie Drysdale.
0:55 of 3rd period - Stopped by Frederik Andersen without a rebound.
0:56 of 3rd period - Ryan Johansen wins face-off versus Phillip Danault in Ducks zone.
0:56 of 3rd period - Ryan Johansen is hit by Moritz Seider.
1:06 of 3rd period - Brock Boeser is hit by Adrian Kempe and loses puck.
1:46 of 3rd period - Off-side.
1:47 of 3rd period - Zack MacEwen wins face-off versus Casey Cizikas in neutral zone.
2:18 of 3rd period - Shot by Jakob Silfverberg.
2:18 of 3rd period - Stopped by Frederik Andersen without a rebound.
2:19 of 3rd period - Dylan Strome wins face-off versus Michael Amadio in Ducks zone.
2:25 of 3rd period - Icing by Brayden McNabb.
2:26 of 3rd period - Dylan Strome wins face-off versus Michael Amadio in Ducks zone.
2:29 of 3rd period - Shot by Dylan Strome.
2:29 of 3rd period - Stopped by Frederik Andersen with a rebound.
2:59 of 3rd period - Shot by Ondrej Palat.
2:59 of 3rd period - Shot Blocked by Brayden McNabb.
3:08 of 3rd period - Icing by Jamie Drysdale.
3:09 of 3rd period - Dylan Strome wins face-off versus Claude Giroux in Oilers zone.
3:09 of 3rd period - Dylan Strome is hit by Zack MacEwen.
3:26 of 3rd period - Off-side.
3:27 of 3rd period - Casey Cizikas wins face-off versus Phillip Danault in neutral zone.
3:38 of 3rd period - Shot by Kasperi Kapanen.
3:38 of 3rd period - Shot Misses the Net.
3:40 of 3rd period - Shot by Jakob Silfverberg.
3:40 of 3rd period - Stopped by Frederik Andersen without a rebound.
3:41 of 3rd period - Paul Stastny wins face-off versus Zack MacEwen in Ducks zone.
3:42 of 3rd period - Shot by Alexander Barabanov.
3:42 of 3rd period - Shot Blocked by Zack MacEwen.
4:23 of 3rd period - Shot by Jason Robertson.
4:23 of 3rd period - Stopped by Philipp Grubauer without a rebound.
4:24 of 3rd period - Casey Cizikas wins face-off versus Adrian Kempe in Oilers zone.
4:45 of 3rd period - Shot by Zach Hyman.
4:45 of 3rd period - Shot Misses the Net.
4:51 of 3rd period - Shot by Adrian Kempe.
4:51 of 3rd period - Shot Misses the Net.
5:01 of 3rd period - Shot by Tyson Barrie.
5:01 of 3rd period - Shot Misses the Net.
5:08 of 3rd period - Zach Hyman is hit by Scott Mayfield and loses puck.
5:16 of 3rd period - Icing by Scott Mayfield.
5:17 of 3rd period - Mats Zuccarello wins face-off versus Casey Cizikas in Oilers zone.
5:22 of 3rd period - Shot by Patrick Kane.
5:22 of 3rd period - Shot Misses the Net.
5:24 of 3rd period - Shot by Adam Fox.
5:24 of 3rd period - Shot Misses the Net.
5:28 of 3rd period - Shot by Mats Zuccarello.
5:28 of 3rd period - Stopped by Philipp Grubauer without a rebound.
5:29 of 3rd period - Ryan Johansen wins face-off versus Zack MacEwen in Oilers zone.
6:59 of 3rd period - Ryan Johansen is hit by Zach Hyman and loses puck.
7:07 of 3rd period - Icing by Jamie Drysdale.
7:08 of 3rd period - Ryan Johansen wins face-off versus Mats Zuccarello in Oilers zone.
7:55 of 3rd period - Pierre-Luc Dubois is hit by Josh Bailey and loses puck.
8:00 of 3rd period - Vladislav Gavrikov is hit by Pierre-Luc Dubois and loses puck.
8:44 of 3rd period - Dylan Strome is hit by Adrian Kempe and loses puck.
9:24 of 3rd period - Shot by Jakob Silfverberg.
9:24 of 3rd period - Stopped by Frederik Andersen without a rebound.
9:25 of 3rd period - Casey Cizikas wins face-off versus Zack MacEwen in Ducks zone.
9:29 of 3rd period - Icing by Tyson Barrie.
9:30 of 3rd period - Zack MacEwen wins face-off versus Paul Stastny in Ducks zone.
9:51 of 3rd period - Shot by Tyson Barrie.
9:51 of 3rd period - Stopped by Philipp Grubauer without a rebound.
9:52 of 3rd period - Casey Cizikas wins face-off versus Mats Zuccarello in Oilers zone.
10:29 of 3rd period - Shot by Casey Cizikas.
10:29 of 3rd period - Shot Misses the Net.
10:31 of 3rd period - Shot by Jakob Silfverberg.
10:31 of 3rd period - Stopped by Frederik Andersen without a rebound.
10:32 of 3rd period - Zack MacEwen wins face-off versus Dylan Strome in Ducks zone.
11:12 of 3rd period - Claude Giroux is hit by Vladislav Gavrikov.
11:14 of 3rd period - Shot by Jason Robertson.
11:14 of 3rd period - Deflect By Zack MacEwen.
11:14 of 3rd period - Shot Misses the Net.
11:44 of 3rd period - Shot by Alexander Barabanov.
11:44 of 3rd period - Stopped by Frederik Andersen without a rebound.
11:45 of 3rd period - Ryan Johansen wins face-off versus Mats Zuccarello in Ducks zone.
12:08 of 3rd period - Shot by Moritz Seider.
12:08 of 3rd period - Stopped by Philipp Grubauer without a rebound.
12:09 of 3rd period - Phillip Danault wins face-off versus Casey Cizikas in Oilers zone.
12:09 of 3rd period - Adrian Kempe is hit by Troy Stecher and loses puck.
12:49 of 3rd period - Casey Cizikas is hit by Brayden McNabb and loses puck.
12:59 of 3rd period - Brayden McNabb is hit by Kasperi Kapanen and loses puck.
13:13 of 3rd period - Off-side.
13:14 of 3rd period - Zack MacEwen wins face-off versus Ryan Johansen in neutral zone.
13:43 of 3rd period - Shot by Brandon Hagel.
13:43 of 3rd period - Shot Blocked by Adam Fox.
13:50 of 3rd period - Icing by Adam Fox.
13:51 of 3rd period - Zack MacEwen wins face-off versus Paul Stastny in Ducks zone.
14:02 of 3rd period - Josh Bailey is hit by Zack MacEwen and loses puck.
14:49 of 3rd period - Shot by Ondrej Palat.
14:49 of 3rd period - Shot Misses the Net.
14:51 of 3rd period - Shot by Jamie Drysdale.
14:51 of 3rd period - Stopped by Frederik Andersen with a rebound.
15:17 of 3rd period - Jamie Drysdale is hit by Adrian Kempe and loses puck.
15:22 of 3rd period - Shot by Adrian Kempe.
15:22 of 3rd period - Stopped by Philipp Grubauer without a rebound.
15:23 of 3rd period - Zack MacEwen wins face-off versus Casey Cizikas in Oilers zone.
15:50 of 3rd period - Shot by Jakob Silfverberg.
15:50 of 3rd period - Stopped by Frederik Andersen without a rebound.
15:51 of 3rd period - Ryan Johansen wins face-off versus Phillip Danault in Ducks zone.
16:00 of 3rd period - Shot by Brandon Hagel.
16:00 of 3rd period - Shot Misses the Net.
16:36 of 3rd period - Shot by Ryan Johansen.
16:36 of 3rd period - Stopped by Frederik Andersen without a rebound.
16:37 of 3rd period - Dylan Strome wins face-off versus Michael Amadio in Ducks zone.
16:52 of 3rd period - Shot by Dylan Strome.
16:52 of 3rd period - Stopped by Frederik Andersen without a rebound.
16:53 of 3rd period - Zack MacEwen wins face-off versus Paul Stastny in Ducks zone.
16:53 of 3rd period - Zack MacEwen is hit by Alexander Barabanov.
16:56 of 3rd period - Moritz Seider is hit by Josh Bailey and loses puck.
17:00 of 3rd period - Tyson Barrie is hit by Troy Stecher and loses puck.
17:30 of 3rd period - Claude Giroux is hit by Troy Stecher and loses puck.
17:36 of 3rd period - Jason Robertson is hit by Troy Stecher and loses puck.
18:09 of 3rd period - Shot by Phillip Danault.
18:09 of 3rd period - Stopped by Philipp Grubauer without a rebound.
18:10 of 3rd period - Casey Cizikas wins face-off versus Mats Zuccarello in Oilers zone.
18:12 of 3rd period - Icing by Jakob Silfverberg.
18:13 of 3rd period - Casey Cizikas wins face-off versus Mats Zuccarello in Oilers zone.
18:13 of 3rd period - Jakob Silfverberg is hit by Patrick Kane and loses puck.
18:26 of 3rd period - Shot by Casey Cizikas.
18:26 of 3rd period - Shot Misses the Net.
18:32 of 3rd period - Vladislav Gavrikov is hit by Pierre-Luc Dubois and loses puck.
18:33 of 3rd period - Major Penalty to Pierre-Luc Dubois for Boarding.
18:34 of 3rd period - Patrick Kane wins face-off versus Dylan Strome in Ducks zone.
18:54 of 3rd period - Shot by Jamie Drysdale.
18:54 of 3rd period - Shot Misses the Net.
18:56 of 3rd period - Shot by Ryan Johansen.
18:56 of 3rd period - Stopped by Frederik Andersen without a rebound.
18:57 of 3rd period - Patrick Kane wins face-off versus Cole Perfetti in Ducks zone.
19:07 of 3rd period - Icing by Cole Perfetti.
19:08 of 3rd period - Cole Perfetti wins face-off versus Patrick Kane in Oilers zone.
19:25 of 3rd period - Shot by Alexander Barabanov.
19:25 of 3rd period - Shot Misses the Net.
19:27 of 3rd period - Shot by Ryan Pulock.
19:27 of 3rd period - Stopped by Frederik Andersen without a rebound.
19:28 of 3rd period - Dylan Strome wins face-off versus Patrick Kane in Ducks zone.
19:49 of 3rd period - Shot by Ryan Johansen.
19:49 of 3rd period - Shot Blocked by Moritz Seider.
19:51 of 3rd period - Shot by Brock Boeser.
19:51 of 3rd period - Shot Misses the Net.
Goals for this period are 0 for Ducks vs 0 for Oilers.
Shots for this period are 6 for Ducks vs 16 for Oilers.